 Dungeon Crawl Stone Soup version 0.26.0-41-g79a4fc7684 (webtiles) character file.

Game seed: 1445477341499084868

5604 rel the Fighter (level 10, -3/91 HPs)
             Began as a Red Draconian Berserker on Jan 27, 2021.
             Slain by a two-headed ogre
             ... wielding a +0 giant spiked club
             ... created by the rage of Trog
              (20 damage)
             ... on level 9 of the Dungeon.
             The game lasted 01:11:56 (12654 turns).

rel the Fighter (Red Draconian Berserker)          Turns: 12654, Time: 01:11:56

Health: -3/91      AC:  8    Str: 21    XL:     10   Next: 45%
Magic:  10/10      EV: 16    Int:  9    God:
Gold:   532        SH:  4    Dex: 11    Spells: 1/9 levels left

rFire    + . .     SeeInvis .   h - +9 sword of Zonguldrok {reap}
rCold    . . .     Faith    .   g - +0 buckler
rNeg     . . .     Spirit   .   (armour unavailable)
rPois    .         Reflect  .   (helmet restricted)
rElec    .         Harm     .   a - +0 cloak
rCorr    +         Rampage  .   (no gloves)
Will     +....                  (no boots)
Stlth    ++........             e - amulet of magic regeneration
HPRegen  0.25/turn              l - ring of resist corrosion
MPRegen  0.37/turn              c - ring of willpower

@: about to teleport
A: breathe fire, unfitting armour, fire resistance 1, cold-blooded, AC +7
a: Breathe Fire


You were on level 9 of the Dungeon.
You visited 1 branch of the dungeon, and saw 9 of its levels.

You collected 532 gold pieces.

Inventory:

Hand Weapons
 h - the +9 sword of Zonguldrok (weapon) {reap}
   (You found it on level 7 of the Dungeon)

   If a monster killed with it leaves a corpse in good enough shape, the corpse
   is reanimated as a zombie friendly to the killer.
 v - the +0 whip "Qugux" {flame, Int+4 Dex+4}
   (You found it on level 5 of the Dungeon)

   It has been specially enchanted to burn those struck by it, causing extra
   injury to most foes and up to half again as much damage against particularly
   susceptible opponents.
   It affects your intelligence (+4).
   It affects your dexterity (+4).
Missiles
 x - 16 boomerangs (quivered)
Armour
 a - a +0 cloak (worn)
 g - a +0 buckler (worn)
Jewellery
 c - a ring of willpower (right hand)
 e - an amulet of magic regeneration (around neck)
 l - a ring of resist corrosion (left hand)
Wands
 q - a wand of flame (6)
 t - a wand of iceblast (5)
Scrolls
 b - 3 scrolls of remove curse
 k - a scroll of magic mapping
 p - a scroll of enchant armour {unknown}
 r - 2 scrolls of identify
Potions
 d - a potion of mutation {unknown}
 f - a potion of degeneration {unknown}
 i - 3 potions of brilliance
 s - 2 potions of cancellation


   Skills:
 * Level 9.0 Fighting
 + Level 5.9 Long Blades
 - Level 5.9(6.5) Axes
 - Level 4.0(5.5) Maces & Flails
 + Level 1.1 Throwing
 * Level 8.4 Dodging
 * Level 4.3 Stealth
 + Level 2.9 Shields


You had one spell level left.
You knew the following spells:

 Your Spells              Type           Power        Failure   Level
a - Pain                  Necr           0%           43%         1
b - Tukima's Dance        Hex            0%           80%         3
c - Corona                Hex            0%           43%         1
d - Confusing Touch       Hex            0%           80%         3

Your spell library contained the following spells:

 Spells                   Type           Power        Failure   Level
 Animate Skeleton         Necr           0%           43%         1
 Summon Small Mammal      Summ           0%           43%         1
 Call Imp                 Summ           0%           56%         2
 Ensorcelled Hibernation  Hex/Ice        0%           56%         2
 Call Canine Familiar     Summ           0%           80%         3
 Dazzling Flash           Conj/Hex       0%           80%         3
 Summon Guardian Golem    Hex/Summ       0%           80%         3
 Vampiric Draining        Necr           0%           80%         3
 Animate Dead             Necr           0%           99%         4
 Summon Ice Beast         Ice/Summ       0%           99%         4
 Summon Lightning Spire   Summ/Air       0%           99%         4
 Agony                    Necr           0%           100%        5


Dungeon Overview and Level Annotations

Branches:
Dungeon (9/15)             Temple (0/1) D:6
   Lair: D:8-11         Orc: D:9-12

Altars:
Cheibriados
Gozag
Makhleb
Sif Muna
Trog
Uskayaw
Xom

Shops:
D:7 (


Innate Abilities, Weirdness & Mutations

You can breathe blasts of fire.
Your fiery red scales are hard. (AC +7)
You cannot fit into any form of body armour.
Your flesh is heat resistant. (rF+)
You are cold-blooded and may be slowed by cold attacks.


Message History

You are 45% of the way to level 11.
Play time: 01:11:39 (12654 turns).
Zot will find you in 24432 turns if you stay in this branch and explore no new floors.
Unknown command.
You are too injured to fight recklessly!
Okay, then.
Drop what? 19/52 slots (_ for help) (? for menu, Esc to quit)
Okay, then.
Drop what? 19/52 slots (_ for help) (? for menu, Esc to quit)
Okay, then.
Okay, then.
As you read the scroll of teleportation, it crumbles to dust.
You feel strangely unstable. The polar bear misses you.
The polar bear claws you but does no damage. x2
The polar bear barely misses you.
You riposte.
You hit the polar bear but do no damage.
Your tail-slap misses the polar bear.
The polar bear is severely wounded.
The polar bear closely misses you. The polar bear misses you.
The two-headed ogre hits you with a +0 giant spiked club!!
You die...

#####.................# #§≈§≈...
##................# #≈§≈≈≈#..
##..)...).........##≈≈§≈§###.
##....)............#P≈≈§≈# #. #
##..)#..)...........#PP§§# #.
.##..)##..............#[PP #.
...)...##.............###########
P........#..........##.......#...
.....P...(......@..#####........#
P.....P.P.#.....hO.# ##......##
.......P...........# ###...##
..##+#..P..........# #...# ..#
#.............# #####..## ..#
#.OP......##..####......## #
..####..P..#....#.............###
P.......P..##............###.....
.....P....###.)......##### ##....


You could see a two-headed ogre and a polar bear (berserk).

Vanquished Creatures
  Pikel (D:4)
  Maggie (D:7)
  2 hornets
  Prince Ribbit (D:7)
  2 polar bears (D:9)
  A wraith (D:9)
  Sigmund (D:3)
  A steam dragon (D:7)
  Duvessa (D:7)
  An orc warrior (D:9)
  2 ice beasts
  2 phantoms
  2 sky beasts
  3 black bears (D:9)
  4 ogres
  2 necrophages
  5 centaurs
  3 lemures (D:4)
  Blork the orc (D:4)
  A gnoll sergeant (D:8)
  5 bullfrogs
  A wyvern skeleton (D:7)
  Dowan (D:7)
  4 scorpions
  5 killer bees (D:8)
  A bullfrog zombie (D:9)
  2 jellies
  6 orc priests
  3 hounds
  A bullfrog skeleton (D:7)
  A centaur skeleton (D:5)
  An iguana (D:6)
  11 orc wizards
  A worker ant (D:7)
  A hound skeleton (D:6)
  3 gnolls (D:8)
  4 adders
  2 shadow imps
  3 white imps
  An ooze (D:3)
  An adder skeleton (D:8)
  3 worms
  A dart slug (D:3)
  4 leopard geckos
  21 orcs
  A giant cockroach (D:3)
  5 goblins
  A hobgoblin (D:1)
  20 jackals
  8 kobolds
  3 quokkas
  5 bats
  5 frilled lizards
  A quokka skeleton (D:7)
  A quokka zombie (D:9)
  10 rats
184 creatures vanquished.

Vanquished Creatures (collateral kills)
  A black bear (D:9)
  A bullfrog (D:8)
  A worker ant (D:9)
  An orc (D:9)
4 creatures vanquished.

Vanquished Creatures (others)
  17 fungi (D:9)
  17 plants (D:9)
34 creatures vanquished.

Grand Total: 222 creatures vanquished

Notes
Turn   | Place    | Note
-------+----------+-------------------------------------------
     0 | D:1      | rel the Draconian Berserker began the quest for the Orb.
     0 | D:1      | Reached XP level 1. HP: 19/19 MP: 1/1
   313 | D:1      | Reached XP level 2. HP: 26/26 MP: 2/2
   841 | D:2      | Reached ** piety under Trog
   847 | D:2      | Reached skill level 4 in Fighting
   847 | D:2      | Reached XP level 3. HP: 13/33 MP: 3/3
   856 | D:2      | Reached XP level 4. HP: 38/40 MP: 4/4
  1436 | D:2      | Found a burning altar of Makhleb.
  1437 | D:2      | Found a snail-covered altar of Cheibriados.
  1877 | D:3      | Found a faded altar of an unknown god.
  1912 | D:3      | Noticed Sigmund
  1923 | D:3      | Killed Sigmund
  1924 | D:3      | Reached XP level 5. HP: 32/47 MP: 5/5
  2757 | D:3      | Found a shimmering altar of Xom.
  2758 | D:3      | Found a shimmering altar of Xom.
  2791 | D:3      | Found a shimmering altar of Xom.
  2997 | D:4      | Noticed Blork the orc
  3009 | D:4      | Killed Blork the orc
  3010 | D:4      | Reached skill level 1 in Stealth
  3010 | D:4      | Reached XP level 6. HP: 36/55 MP: 6/6
  3245 | D:4      | Reached skill level 5 in Fighting
  3405 | D:4      | Noticed a +0 hand axe
  3406 | D:4      | Noticed a +0 hand axe
  3473 | D:4      | Noticed Pikel
  3487 | D:4      | Killed Pikel
  3488 | D:4      | Reached skill level 5 in Axes
  3488 | D:4      | Reached skill level 5 in Dodging
  3488 | D:4      | Reached skill level 1 in Shields
  3488 | D:4      | Your scales start taking on a fiery red colour.
  3488 | D:4      | Reached XP level 7. HP: 27/62 MP: 7/7
  3488 | D:4      | Gained mutation: Your flesh is heat resistant. (rF+) [Red
                  | Draconian growth]
  3744 | D:4      | Found a hide-covered altar of Uskayaw.
  4030 | D:5      | Entered Level 5 of the Dungeon
  4174 | D:5      | Found an opulent altar of Gozag.
  4227 | D:5      | Got a glimmering whip
  4228 | D:5      | Identified the cursed +0 whip "Qugux" {flame, Int+4 Dex+4}
                  | (You found it on level 5 of the Dungeon)
  4451 | D:5      | Reached skill level 6 in Fighting
  4451 | D:5      | Reached XP level 8. HP: 70/70 MP: 8/8
  4453 | D:5      | Found a shimmering blue altar of Sif Muna.
  4538 | D:5      | Reached *** piety under Trog
  4781 | D:5      | Reached skill level 1 in Maces & Flails
  5193 | D:5      | Found a shimmering altar of Xom.
  5353 | D:6      | Found a staircase to the Ecumenical Temple.
  7253 | D:7      | Reached skill level 7 in Fighting
  7398 | D:7      | Found Quhitt's Weapon Boutique.
  7557 | D:7      | Noticed Prince Ribbit
  7559 | D:7      | Found the +9 sword of Zonguldrok {reap}
  7568 | D:7      | Killed Prince Ribbit
  7630 | D:7      | Reached XP level 9. HP: 79/79 MP: 9/9
  7638 | D:7      | Noticed Maggie
  7647 | D:7      | Reached skill level 1 in Long Blades
  7649 | D:7      | Killed Maggie
  7924 | D:7      | Reached skill level 8 in Fighting
  7940 | D:7      | Noticed Dowan
  7969 | D:7      | Killed Dowan
  8077 | D:7      | Noticed Duvessa
  8087 | D:7      | Killed Duvessa
  8793 | D:8      | Reached **** piety under Trog
  9498 | D:8      | Reached XP level 10. HP: 78/88 MP: 10/10
  9767 | D:8      | Noticed a moth of wrath
  9778 | D:8      | Was placed under penance by Trog
  9780 | D:8      | Learned a level 1 spell: Pain
  9784 | D:8      | Learned a level 3 spell: Tukima's Dance
  9786 | D:8      | Learned a level 1 spell: Corona
  9790 | D:8      | Learned a level 3 spell: Confusing Touch
 10000 | D:8      | Found a bloodstained altar of Trog.
 10175 | D:9      | Reached skill level 5 in Long Blades
 10465 | D:9      | Reached skill level 1 in Throwing
 11053 | D:9      | Noticed a two-headed ogre
 11057 | D:9      | HP: 3/90 [polar bear[the rage of Trog] (15)]
 12519 | D:9      | Reached skill level 9 in Fighting
 12652 | D:9      | Fell from the grace of Trog
 12654 | D:9      | Slain by a two-headed ogre

Illustrated notes

Levels and vault maps discovered:
D:1:      amcnicky_arrival_abandoned_market, layout_rooms,
          amcnicky_mini_corridor_feature, dk_noncrumbling_4, glass_columns_a
D:2:      layout_loops_ring, gammafunk_temple_overflow_pools,
          grunt_decor_clamped
D:3:      layout_loops_corners, chequers_ecumenical_altar_grove,
          minmay_misc_feat_hallway, xom_redecorated, uniq_sigmund
D:4:      layout_cave_pools, dancing_weapons_uskayaw, uniq_blork_the_orc,
          uniq_pikel
D:5:      layout_basic, nicolae_overflow_hidden_temple,
          lemuel_coloured_pillars_altar, grunt_gozag_statues
D:6:      layout_gridville, minmay_temple_entry_waves, minmay_crossroads
D:7:      layout_gridville, serial_shops,
          nicolae_shop_temple_entry_statues_fountains, grunt_ministairs_8,
          minivault_22, hangedman_decor_clover_reticule, kennysheep_crisscross,
          kennysheep_donut, uniq_duvessa, uniq_maggie, uniq_prince_ribbit1
D:8:      layout_loops_ring, tgw_trog
D:9:      minmay_weird_star, layout_layer_cave, grunt_lair_entry_orc_guard_hut

Skill      XL: |  1  2  3  4  5  6  7  8  9 10 |
---------------+-------------------------------+-----
Fighting       | 4 5 6 7 8 9 |  9.0
Dodging        | 3 4 5 6 8 |  8.4
Axes           | 4 5 |  5.9
Stealth        | 1 2 3 4 |  4.3
Shields        | 1 2 |  2.9
Maces & Flails | 3 4 |  4.0
Long Blades    | 4 5 |  5.9
Throwing       | 1 |  1.1

Action                   |  1- 3 |  4- 6 |  7- 9 | 10-12 || total
-------------------------+-------+-------+-------+-------++-------
Melee: Hand axe          |    52 |   164 |     3 |       ||   219
       Tailslap          |     4 |    14 |    55 |    17 ||    90
       Whip              |       |       |   208 |       ||   208
       Double sword      |       |       |    98 |   104 ||   202
Throw: Throwing net      |       |     1 |       |       ||     1
       Boomerang         |       |       |    12 |    17 ||    29
 Cast: Corona            |       |       |       |     1 ||     1
Invok: Berserk           |     1 |     6 |     6 |       ||    13
       Trog's Hand       |       |       |     1 |       ||     1
       Renounce Religion |       |       |       |     1 ||     1
 Abil: Breathe Fire      |       |       |     4 |     2 ||     6
Evoke: Wand              |       |       |     2 |     3 ||     5
  Use: Scroll            |     5 |     3 |    12 |     5 ||    25
       Potion            |     3 |     1 |    10 |     9 ||    23
 Stab: Sleeping          |       |     1 |     3 |     1 ||     5
Armor: Skin              |    28 |    58 |    74 |    61 ||   221
Dodge: Dodged            |    28 |   125 |   255 |   174 ||   582
Block: Buckler           |       |    25 |    61 |    43 ||   129
       Rpst.: Double sword |       |       |    44 |    39 ||    83
